 Dungeon Crawl Stone Soup version 0.30-a0-553-g7fabdf1491 (webtiles) character file.

Game seed: 42510912398528189

11007 Zonian the Fighter (level 11, -1/66 HPs)
             Began as a Vine Stalker Ice Elementalist on Dec 27, 2022.
             Was an Elder of Cheibriados.
             Slain by an orc warlord
             ... wielding a +4 battleaxe
              (6 damage)
             ... in a bailey.
             The game lasted 00:35:19 (10307 turns).

Zonian the Fighter (Vine Stalker Ice Elementalist) Turns: 10307, Time: 00:35:20

Health: -1/66      AC: 16    Str: 20    XL:     11   Next: 71%
Magic:  0/20       EV: 17    Int: 26    God:    Cheibriados [****..]
Gold:   467        SH:  0    Dex: 26    Spells: 7/21 levels left

rFire   . . .      SeeInvis .    H - +1 short sword (venom)
rCold   + + +      Faith    .    (no shield)
rNeg    . . .      Spirit   +    u - +0 robe of Vemeom {rC+++ Regen+ rCorr Stlth-}
rPois   .          Reflect  .    c - +1 hat
rElec   .          Harm     .    e - +0 cloak
rCorr   +          Rampage  .    l - +1 pair of gloves
Will    +....                    (no boots)
Stlth   ++                       (no amulet)
HPRegen 1.91/turn                j - +4 ring of evasion
MPRegen 0.17/turn                (no ring)

@: brilliant, ice-armoured, about to teleport, very slow
A: fangs 3, regeneration 1, magic shield, antimagic bite, no potion heal 2
a: Renounce Religion, Bend Time, Temporal Distortion, Slouch


You were in a bailey.
You worshipped Cheibriados.
Cheibriados was greatly pleased with you.
You visited 2 branches of the dungeon, and saw 10 of its levels.
You also visited: Bailey.

You collected 467 gold pieces.

Inventory:

Hand Weapons
 m - a +1 dagger
 r - a +3 falchion
 w - a +0 dagger of draining
 A - a +1 vampiric war axe
 C - a +0 dagger of electrocution
 D - a +2 scimitar of freezing
 E - a +0 vorpal broad axe
 H - a +1 short sword of venom (weapon)
Missiles
 G - 13 poisoned darts
 M - 14 boomerangs
Armour
 a - a +0 robe
 c - a +1 hat (worn)
 e - a +0 cloak (worn)
 l - a +1 pair of gloves (worn)
 q - a scarf of harm
 t - a +2 robe of willpower
 u - the +0 robe of Vemeom (worn) {rC+++ Regen+ rCorr Stlth-}
   (You found it on level 4 of the Dungeon)

   rC:        It renders you almost immune to cold.
   Regen:     It increases your rate of health regeneration.
   rCorr:     It protects you from acid and corrosion.
   Stlth:     It makes you less stealthy.
 F - +0 steam dragon scales
Jewellery
 j - a +4 ring of evasion (left hand)
 s - a ring of fire
 x - a ring of resist corrosion
 y - an amulet of regeneration
Wands
 z - a wand of polymorph (5)
 B - a wand of flame (13)
Scrolls
 v - a scroll of amnesia
 K - a scroll of teleportation
 O - a scroll of butterflies
 P - 2 scrolls of fog
 R - 2 scrolls of magic mapping
Potions
 d - a potion of lignification
 f - a potion of brilliance
 g - 2 potions of curing
 h - 2 potions of haste
 i - 4 potions of degeneration
 k - a potion of cancellation
 n - 3 potions of ambrosia
 o - 2 potions of mutation
 p - 2 potions of might
 J - a potion of attraction


   Skills:
 - Level 11.6 Fighting
 + Level 4.4 Short Blades
 - Level 2.0 Dodging
 - Level 4.6 Stealth
 + Level 5.8 Spellcasting
 + Level 0.0 Conjurations
 + Level 4.1 Summonings
 - Level 8.3 Ice Magic
 + Level 5.3 Invocations


You had 7 spell levels left.
You knew the following spells:

 Your Spells              Type           Power      Damage    Failure   Level
a - Freeze                Ice            100%       1d10      1%          1
b - Frozen Ramparts       Ice            100%       1d16      1%          3
c - Ozocubu's Armour      Ice            67%        N/A       1%          3
d - Summon Ice Beast      Ice/Summ       56%        N/A       5%          4
e - Hailstorm             Conj/Ice       43%        3d10      3%          3

Your spell library contained the following spells:

 Spells                   Type           Power      Damage    Failure   Level
 Ice Form                 Ice/Tmut       43%        N/A       13%         4
 Metabolic Englaciation   Hex/Ice        21%        N/A       34%         5
 Cause Fear               Hex            5%         N/A       56%         4
 Passage of Golubria      Tloc           11%        N/A       56%         4
 Petrify                  Tmut/Erth      11%        N/A       56%         4
 Silence                  Hex/Air        5%         N/A       89%         5
 Simulacrum               Ice/Necr       21%        N/A       89%         6
 Statue Form              Tmut/Erth      7%         N/A       100%        6
 Dragon Form              Tmut           5%         N/A       100%        7
 Lehudib's Crystal Spear  Conj/Erth      5%         10d3      100%        8
 Dragon's Call            Summ           21%        N/A       100%        9


Dungeon Overview and Level Annotations

Branches:
Dungeon (9/15)             Temple (1/1) D:5             Orc (0/2) D:9
 Bailey (1/1)
   Lair: D:8-11

Altars:
Ashenzari
Cheibriados
Dithmenos
Fedhas
Gozag
Hepliaklqana
Kikubaaqudgha
Makhleb
Nemelex Xobeh
Okawaru
Qazlal
Ru
Sif Muna
Trog
Vehumet
Wu Jian
Xom
Yredelemnul


Innate Abilities, Weirdness & Mutations

You have razor-sharp teeth.
Your natural rate of healing is unusually fast.
When hurt, damage is shared between your health and your magic reserves.
Your bite disrupts and absorbs the magic of your enemies.
Potions cannot restore your health.


Message History

The orc warlord looks even sicker.
You bite the orc warlord, but do no damage.
The orc warlord is heavily wounded.
Your ice beast hits the orc warlord but does no damage.
The orc warlord hits you with a +4 battleaxe!
* * * LOW HITPOINT WARNING * * *
The orc warlord hits your ice beast with a +4 battleaxe.
Okay, then.
Okay, then.
You warp the flow of time around you!
Okay, then.
Aiming: Polymorph
Press: ? - help, Shift-Dir - straight line, f/p - orc warlord
Aim: an orc warlord, wielding a +4 battleaxe and wearing a +0 chain mail (severely wounded, not watching you, very poisoned, will become a tyrant leech, an azure jelly, or an eleionoma, chance to affect: 17%)
Okay, then.
Okay, then.
Okay, then.
Okay, then.
As you read the scroll of teleportation, it crumbles to dust.
You feel strangely unstable.
Your ice beast hits the orc warlord but does no damage.
The orc warlord hits your ice beast with a +4 battleaxe!!
Your ice beast dies!
Your ice beast disappears in a puff of smoke!
The orc warlord shouts!
b - a potion of experience You feel more experienced!
Your Fighting skill gained 3 levels and is now at level 11!
You have reached level 11!
The orc warlord hits you with a +4 battleaxe!
* * * LOW HITPOINT WARNING * * *
You hit the orc warlord.
The orc warlord looks as sick as possible!
You bite the orc warlord, but do no damage.
The orc warlord is severely wounded.
You hit the orc warlord but do no damage.
The orc warlord looks as sick as possible!
The orc warlord is severely wounded.
The orc warlord hits you with a +4 battleaxe!
You die...

♣.##....#~.8...8.~#....##.♣
♣♣..###'###.......###'###..♣
♣...~~~.#~~.8...8.~~#.~~~...
♣...~[~.#~.........~#.)~~...
♣∩...~~~.#~....∩....~#.~~~...
♣♣...~~~.##.........##.~~(...
♣...~~~.#~..8...8..~#.~~~...
♣♣..###'#~.o.......~#)###..♣
♣.##...#~)@8...8!)~#...##.♣
♣##....##~~#####~~##....##♣
##......####...####......##
#......[..................#
#..8..8[.....[......8..8..#
#.........................#
##..........[[.[[........##
##...8...##'''##...8...##
##.....##..÷..##.....##


You could see an orc warlord (extremely poisoned).

Vanquished Creatures
  An orc knight (Bailey)
  Maggie (D:6)
  Psyche (D:9)
  A wyvern (D:7)
  4 yaks (D:6)
  A steam dragon (D:7)
  Menkaure (D:4)
  A black bear (D:5)
  13 orc warriors
  2 sky beasts
  An ice beast (D:7)
  A centaur (D:7)
  A kobold brigand (D:7)
  3 bullfrogs
  3 necrophages
  A scorpion (D:6)
  3 wights (D:6)
  6 killer bees (D:8)
  2 howler monkeys (D:7)
  2 hounds
  9 orc priests
  A gnoll bouda (D:5)
  An iguana (D:5)
  7 orc wizards
  7 gnolls
  10 adders
  A shadow imp (D:6)
  2 white imps
  A worm (D:3)
  2 dart slugs (D:2)
  59 orcs
  8 ball pythons
  8 endoplasms
  4 giant cockroaches
  8 hobgoblins
  4 jackals (D:4)
  2 quokkas
  4 bats
  4 frilled lizards (D:1)
  7 goblins
  21 kobolds
  2 rats (D:2)
221 creatures vanquished.

Vanquished Creatures (others)
  A two-headed ogre (D:8)
  22 plants (D:5)
23 creatures vanquished.

Grand Total: 244 creatures vanquished

Notes
Turn   | Place    | Note
-------+----------+-------------------------------------------
     0 | D:1      | Zonian the Vine Stalker Ice Elementalist began the quest
                  | for the Orb.
     0 | D:1      | Reached XP level 1. HP: 9/9 MP: 4/4
   364 | D:1      | Reached XP level 2. HP: 13/13 MP: 6/6
  1161 | D:2      | Reached XP level 3. HP: 13/16 MP: 4/7
  1702 | D:2      | Learned a level 3 spell: Frozen Ramparts
  1759 | D:3      | Gained mutation: Your natural rate of healing is unusually
                  | fast. [Vine Stalker growth]
  1759 | D:3      | Reached XP level 4. HP: 9/21 MP: 3/9
  2576 | D:3      | Reached XP level 5. HP: 24/24 MP: 5/11
  2794 | D:3      | Found a faded altar of an unknown god.
  3306 | D:4      | Reached skill level 5 in Ice Magic
  3427 | D:4      | Noticed Menkaure
  3704 | D:4      | Identified the +0 robe of Vemeom {rC+++ Regen+ rCorr
                  | Stlth-}
  3871 | D:4      | Reached XP level 6. HP: 27/28 MP: 5/12
  4065 | D:4      | Killed Menkaure
  4217 | D:4      | Learned a level 3 spell: Ozocubu's Armour
  4330 | D:5      | Entered Level 5 of the Dungeon
  4339 | D:5      | Reached XP level 7. HP: 32/32 MP: 10/13
  4359 | D:5      | Found an ornate altar of the Wu Jian Council.
  4939 | D:5      | Identified the +1 scale mail of Pesyngou {Contam Fly Int+9
                  | Dex-3}
  5129 | D:5      | Found a hazy altar of Hepliaklqana.
  5295 | D:5      | Found a staircase to the Ecumenical Temple.
  5306 | Temple   | Entered the Ecumenical Temple
  5542 | Temple   | Became a worshipper of Cheibriados the Contemplative
  5739 | D:6      | Noticed Maggie
  5863 | D:6      | Reached skill level 1 in Fighting
  5863 | D:6      | Gained mutation: You have razor-sharp teeth. [Vine Stalker
                  | growth]
  5863 | D:6      | Reached XP level 8. HP: 32/37 MP: 12/14
  5910 | D:6      | Reached skill level 2 in Fighting
  6123 | D:6      | Found a broken altar of Ashenzari.
  6123 | D:6      | Found an iron altar of Okawaru.
  6183 | D:6      | Noticed a yak
  6212 | D:6      | Killed a yak
  6213 | D:6      | Reached skill level 3 in Fighting
  6367 | D:6      | Noticed a yak
  6368 | D:6      | Noticed a yak
  6368 | D:6      | Noticed a yak
  6383 | D:6      | Killed a yak
  6384 | D:6      | Reached skill level 4 in Fighting
  6385 | D:6      | Killed a yak
  6386 | D:6      | Reached skill level 5 in Fighting
  6435 | D:6      | Killed a yak
  6662 | D:6      | Reached skill level 6 in Fighting
  6934 | D:6      | Reached XP level 9. HP: 47/49 MP: 15/15
  7059 | D:6      | Found a basalt altar of Yredelemnul.
  7443 | D:6      | Reached skill level 7 in Fighting
  7443 | D:6      | Killed Maggie
  7443 | D:6      | Reached * piety under Cheibriados
  7782 | D:7      | Reached skill level 8 in Fighting
  7834 | D:7      | Reached skill level 1 in Invocations
  7919 | D:7      | Reached skill level 1 in Short Blades
  8014 | D:7      | Found an opulent altar of Gozag.
  8078 | D:7      | Reached ** piety under Cheibriados
  8088 | D:7      | Learned a level 4 spell: Summon Ice Beast
  8374 | D:7      | Reached skill level 1 in Summonings
  8634 | D:8      | Reached XP level 10. HP: 56/56 MP: 17/17
  8854 | D:8      | Found an ancient bone altar of Kikubaaqudgha.
  9083 | D:8      | Noticed a two-headed ogre
  9088 | D:8      | Killed a two-headed ogre
  9126 | D:8      | Found a sparkling altar of Nemelex Xobeh.
  9272 | D:9      | Found a burning altar of Makhleb.
  9401 | D:9      | Noticed Psyche
  9429 | D:9      | Killed Psyche
  9429 | D:9      | Reached *** piety under Cheibriados
  9430 | D:9      | Reached skill level 5 in Spellcasting
  9476 | D:9      | Found a staircase to the Orcish Mines.
  9533 | D:9      | Found a flagged portal.
  9611 | Bailey   | Entered a bailey
  9626 | Bailey   | Noticed an orc warlord
  9642 | Bailey   | Reached **** piety under Cheibriados
  9698 | Bailey   | Noticed an orc knight
  9705 | Bailey   | Learned a level 3 spell: Hailstorm
  9817 | Bailey   | Reached skill level 5 in Invocations
  9939 | Bailey   | Found a runed translucent gate.
  9964 | Bailey   | Killed an orc knight
 10198 | Bailey   | Found a runed translucent gate.
 10200 | Bailey   | Found a runed translucent gate.
 10305 | Bailey   | Reached skill level 11 in Fighting
 10305 | Bailey   | Reached XP level 11. HP: 16/66 MP: 2/20
 10305 | Bailey   | HP: 3/66 [orc warlord/+4 battleaxe (15)]
 10307 | Bailey   | Slain by an orc warlord

Illustrated notes

Levels and vault maps discovered:
D:1:      scummos_arrival_checkerplants, layout_basic, minivault_5,
          chequers_serial_rivers_micro_c
D:2:      layout_loops_ring
D:3:      layout_basic, shapermc_ecumenical_altar_petra
D:4:      layout_loops_cross, uniq_menkaure
D:5:      layout_rooms, amcnicky_altar_gilded, nicolae_hepliaklqana_hazy_memory,
          minmay_temple_entry_offerings
D:6:      layout_basic, lemuel_crystal_altar, minitemple, corexii_checkpoint_a,
          uniq_maggie
D:7:      layout_rooms, overflow_temple_1_default
D:8:      layout_loops_ring, nemelex_spade_bored_becter,
          mainiacjoe_overflow_brackets, lemuel_flame_loot_1
D:9:      layout_basic, mainiacjoe_overflow_tiny_flanked, david_orc_5,
          enter_bailey_8, nicolae_looking_at_the_future, uniq_psyche
Temple:   compressed_dpeg_triangle_lava_temple
Bailey:   bailey_axe_bossmonster_kennysheep, bailey

Skill      XL: |  1  2  3  4  5  6  7  8  9 10 |
---------------+-------------------------------+-----
Dodging        | 2 |  2.0
Stealth        | 3 4 |  4.6
Spellcasting   | 3 4 5 |  5.8
Ice Magic      | 5 6 8 |  8.3
Fighting       | 1 6 8 11 | 11.6
Invocations    | 3 5 |  5.3
Short Blades   | 2 4 |  4.4
Summonings     | 1 4 |  4.1

Action                   |  1- 3 |  4- 6 |  7- 9 | 10-12 || total
-------------------------+-------+-------+-------+-------++-------
Melee: Unarmed           |    26 |       |       |       ||    26
       Bite              |    14 |    29 |   121 |    86 ||   250
       Dagger            |    31 |    95 |   223 |       ||   349
       Punch             |       |     4 |    12 |     5 ||    21
       Short sword       |       |       |   100 |   203 ||   303
Throw: Dart              |       |       |       |     5 ||     5
 Cast: Freeze            |    30 |    36 |     1 |     2 ||    69
       Frozen Ramparts   |       |     1 |    10 |     7 ||    18
       Ozocubu's Armour  |       |       |     3 |     2 ||     5
       Summon Ice Beast  |       |       |       |     1 ||     1
Invok: Temporal Distorti |       |       |       |     1 ||     1
  Use: Scroll            |       |     9 |    11 |     8 ||    28
       Potion            |       |     3 |     1 |     3 ||     7
 Stab: Sleeping          |     4 |     6 |     3 |     1 ||    14
Armor: Robe              |    29 |    28 |    63 |    17 ||   137
Dodge: Dodged            |    48 |    95 |   251 |   154 ||   548

Table legend: (Time is in decaauts)
 A = Elapsed time spent in this place.
 B = Non-inter-level travel time spent in this place.
 C = Inter-level travel time spent in this place.
 D = Time resting spent in this place.
 E = Time spent auto-exploring this place.
 F = Levels seen in this place.
 G = Mean time per level.
                   A        B        C        D        E       F      G
               +--------+--------+--------+--------+--------+-----+--------+
         Total |  11324 |  11016 |    308 |   3009 |   4643 |  11 | 1029.5 |
       Dungeon |  10224 |   9930 |    294 |   2656 |   4448 |   9 | 1136.0 |
        Temple |    250 |    237 |     13 |      0 |    195 |   1 |  250.0 |
        Bailey |    849 |    849 |      0 |    352 |      0 |   1 |  849.0 |
               +--------+--------+--------+--------+--------+-----+--------+

Top non-repeatable levels by time:
     D:6: 2297 daAuts
     D:3: 1618 daAuts
     D:8: 1087 daAuts
     D:5: 1078 daAuts
     D:4: 964 daAuts
     D:7: 941 daAuts
     D:1: 861 daAuts
     D:2: 860 daAuts
  Bailey: 849 daAuts
     D:9: 514 daAuts
  Temple: 250 daAuts
